 Dungeon Crawl Stone Soup version 0.28.0-45-g0d030f2227 (console) character file.

Game seed: 2141825661847813344

406 Faeu the Covered (level 6, -7/56 HPs)
             Began as a Minotaur Fighter on Apr 19, 2022.
             Mangled by an ogre
             ... wielding a +0 giant spiked club
              (20 damage)
             ... on level 4 of the Dungeon.
             The game lasted 00:07:37 (3360 turns).

Faeu the Covered (Minotaur Fighter)                 Turns: 3360, Time: 00:07:37

Health: -7/56      AC: 11    Str: 23    XL:     6   Next: 56%
Magic:  5/5        EV:  9    Int:  5    God:
Gold:   130        SH:  5    Dex:  9    Spells: 5/5 levels left

rFire   . . .      SeeInvis .   a - +0 long sword {long}
rCold   . . .      Faith    .   c - +0 buckler
rNeg    . . .      Spirit   .   b - +0 scale mail
rPois   .          Reflect  .   (helmet restricted)
rElec   .          Harm     .   x - +0 cloak
rCorr   .          Rampage  .   p - +0 pair of gloves
Will    .....                   t - +0 pair of boots
Stlth   ..........              (no amulet)
HPRegen 0.18/turn               (no ring)
MPRegen 0.09/turn               (no ring)

@: no status effects
A: horns 2, retaliatory headbutt
a: no special abilities


You were on level 4 of the Dungeon.
You visited 1 branch of the dungeon, and saw 4 of its levels.

You collected 130 gold pieces.


Innate Abilities, Weirdness & Mutations

You have a pair of horns on your head.
You reflexively headbutt those who attack you in melee.


   Skills:
 + Level 5.4 Fighting
 + Level 4.7 Long Blades
 + Level 5.4 Armour
 + Level 5.4 Shields


You had 5 spell levels left.
You didn't know any spells.
Your spell library contained the following spells:

 Spells                   Type           Power      Damage    Failure   Level
 Conjure Flame            Conj/Fire      0%         6-21      99%         3
 Ignite Poison            Fire/Tmut/Pois 0%         N/A       99%         3
 Sticky Flame             Conj/Fire      0%         2d3       100%        4

Inventory:

Hand Weapons
 a - a +0 long sword (weapon) {long}
 r - a +0 vorpal mace {mace}
   (You took it off an orc on level 3 of the Dungeon)
 w - a +1 mace of draining {mace}
   (You took it off Robin on level 3 of the Dungeon)
 z - a +0 flail of holy wrath {mace}
   (You took it off an orc on level 4 of the Dungeon)
Missiles
 f - 7 boomerangs (quivered) {throwing}
 i - 5 poisoned darts {throwing}
 s - 2 throwing nets {=f!fthrowing}
Armour
 b - a +0 scale mail (worn)
 c - a +0 buckler (worn)
 p - a +0 pair of gloves (worn)
   (You found it on level 1 of the Dungeon)
 t - a +0 pair of boots (worn)
   (You found it on level 3 of the Dungeon)
 x - a +0 cloak (worn)
   (You found it on level 3 of the Dungeon)
 y - a +1 robe of willpower
   (You took it off an orc wizard on level 3 of the Dungeon)
Scrolls
 h - a scroll of immolation {unknown}
 j - a scroll of fog {unknown}
 m - a scroll of identify {unknown}
 n - a scroll of fear {unknown}
 o - a scroll of blinking {unknown}
 q - a scroll of teleportation {unknown}
 u - a scroll of holy word {unknown}
 v - a scroll of acquirement {unknown}
Potions
 d - a potion of might
 e - a potion of lignification {unknown}
 g - 3 potions of heal wounds {unknown}
 k - a potion of curing {unknown}
 l - a potion of berserk rage {unknown}

Dungeon Overview and Level Annotations

Branches:
Dungeon (4/15)
 Temple: D:4-7

Altars:
Fedhas
Nemelex Xobeh

Shops:
D:1

[ ########### #.........#
#.#######.# ##########.#
#.#
#.......^..#######.###
####.##)@Og..............
.........###...######.##.
.###.##..##)..........##.
#.....###...#########.
#.##)## #..## #. # #.#
#..# #. ........# #O.# ##
####..... ...#
###.#####..g #. ....g #.
....g


You could see an ogre and a gnoll.


Message History

The orc wizard hits you but does no damage.
The adder barely misses you. The orc closely misses you.
The black bear bites you but does no damage.
The black bear claws you but does no damage.
You block the black bear's attack. ๐Ÿ˜ฎ HP[+1]
You slash the black bear! The adder bites you but does no damage.
The orc wizard points at you and mumbles some strange words.
The puff of flame hits you. The adder bites you but does no damage.
The black bear bites you but does no damage.
The black bear closely misses you.
The black bear claws you but does no damage.
The orc hits you but does no damage.
You block the orc wizard's attack. ๐Ÿ˜ฎ HP[-5]
You take 5 damage, and now have 31/56 hp.
You hit the black bear. The adder bites you but does no damage.
The orc hits you but does no damage.
The black bear bites you but does no damage.
The black bear claws you.
The black bear claws you but does no damage.
The orc wizard closely misses you. ๐Ÿ˜ฎ HP[-2]
You take 2 damage, and now have 29/56 hp.
You slash the black bear! You headbutt the black bear.
You kill the black bear!
The adder closely misses you. The orc hits you with a +0 short sword.
* * * LOW HITPOINT WARNING * * *
The adder bites you but does no damage.
The orc wizard barely misses you. ๐Ÿ˜จ HP[-1]
You take 1 damage, and now have 28/56 hp.
You block the adder's attack.
You see here a black bear corpse.
The adder bites you.
* * * LOW HITPOINT WARNING * * *
You slash the adder!
You kill the adder!
You closely miss the orc wizard.
The orc wizard hits you with a +0 dagger.
* * * LOW HITPOINT WARNING * * *
๐Ÿ˜จ HP[-1]
You take 1 damage, and now have 27/56 hp.
You closely miss the orc wizard.
The orc wizard gestures at you while chanting.
The puff of flame hits you!
* * * LOW HITPOINT WARNING * * *
๐Ÿ˜จ HP[-10]
You take 10 damage, and now have 17/56 hp.
You closely miss the orc wizard. Your headbutt misses the orc wizard.
You block the orc wizard's attack.
You hit the orc wizard. You headbutt the orc wizard!
The orc wizard barely misses you. ๐Ÿ˜จ HP[+1]
You hit the orc wizard.
You kill the orc wizard!
You barely miss the orc. The orc hits you but does no damage.
You hit the orc.
You kill the orc!
Items here: )) [[ โ€ โ€ . ๐Ÿ˜จ HP[+1]
z - a +0 flail of holy wrath {mace}
Things that are here:
a +0 flail {mace}; a +0 chain mail; an orc corpse ๐Ÿ˜จ HP[+1] ๐Ÿ˜จ HP[+1] ๐Ÿ˜จ HP[+1]
You start resting.
HP restored. ๐Ÿ˜Ž HP[+34]
An ogre and a gnoll come into view.
The gnoll is wielding a +2 vorpal spear.
The ogre shouts!
A gnoll comes into view. It is wielding a +0 whip.
Things that are here:
a +0 flail {mace}; a +0 chain mail; an orc skeleton
Items here: )) [[ รทรท.
Okay, then.
The ogre barely misses you.
The ogre hits you with a +0 giant spiked club!!
The gnoll hits you but does no damage. ๐Ÿ˜ฎ HP[-23]
You take 23 damage, and now have 33/56 hp.
MASSIVE DAMAGE!! (PAUSE)
You block the gnoll's attack.
The ogre hits you with a +0 giant spiked club. ๐Ÿ˜ฎ HP[-4]
You take 4 damage, and now have 29/56 hp.
You slash the ogre!
The gnoll hits you with a +2 vorpal spear.
* * * LOW HITPOINT WARNING * * *
x2 ๐Ÿ˜จ HP[-7]
You take 7 damage, and now have 22/56 hp.
You hit the ogre. The ogre closely misses you.
The gnoll hits you with a +2 vorpal spear!
* * * LOW HITPOINT WARNING * * *
x2 ๐Ÿ˜ฑ HP[-9]
You take 9 damage, and now have 13/56 hp.
You closely miss the ogre. You headbutt the ogre! The ogre barely misses you.
You furiously retaliate!
You headbutt the ogre. The gnoll barely misses you.
The ogre hits you with a +0 giant spiked club!!
You die...

Skill      XL: |  1  2  3  4  5 |
---------------+----------------+-----
Fighting       | 4 5 |  5.4
Long Blades    | 3 4 |  4.7
Armour         | 4 5 |  5.4
Shields        | 4 5 |  5.4

Action                   |  1- 3 |  4- 6 || total
-------------------------+-------+-------++-------
Melee: Long sword        |    87 |   101 ||   188
       Headbutt          |    13 |    17 ||    30
Throw: Boomerang         |     1 |       ||     1
Armor: Scale mail        |    47 |    72 ||   119
Dodge: Dodged            |    37 |    58 ||    95
Block: Buckler           |    23 |    21 ||    44

Levels and vault maps discovered:
D:1:      ebering_trefoil_twist, layout_basic, serial_rivers,
          chequers_serial_rivers_large_a, chequers_serial_rivers_micro_c,
          chequers_serial_rivers_micro_c, chequers_serial_rivers_small_a,
          chequers_serial_rivers_micro_a, chequers_serial_rivers_small_b,
          serial_shops, shop_statue
D:2:      layout_basic, shapermc_ecumenical_altar_notcrosses, minivault_4,
          dk_noncrumbling_2
D:3:      cheibrodos_pilgrimage, layout_loops_ring,
          amethyst_overflow_temple_binary, uniq_robin
D:4:      minmay_polygon_palace, layout_loops_corners,
          mainiacjoe_overflow_boulevard, serial_shops, shop, uniq_natasha

Notes
Turn   | Place    | Note
-------+----------+-------------------------------------------
     0 | D:1      | Faeu the Minotaur Fighter began the quest for the Orb.
     0 | D:1      | Reached XP level 1. HP: 19/19 MP: 0/0
     0 | D:1      | magus.rc [v1.9.6]
   228 | D:1      | You fall into a shaft and drop 1 floor!
   245 | D:2      | Reached XP level 2. HP: 27/27 MP: 1/1
   428 | D:2      | Found a faded altar of an unknown god.
   585 | D:2      | Reached skill level 4 in Fighting
   585 | D:2      | Reached skill level 3 in Long Blades
   585 | D:2      | Reached skill level 4 in Armour
   585 | D:2      | Reached skill level 4 in Shields
   585 | D:2      | Reached XP level 3. HP: 33/33 MP: 2/2
  1121 | D:1      | Found Ubreun's Antique Armour Shoppe.
  1932 | D:3      | Noticed a scorpion
  1953 | D:3      | Killed a scorpion
  1954 | D:3      | Reached XP level 4. HP: 41/41 MP: 3/3
  1998 | D:3      | Reached XP level 5. HP: 20/47 MP: 4/4
  2280 | D:3      | Found a blossoming altar of Fedhas.
  2280 | D:3      | Found a sparkling altar of Nemelex Xobeh.
  2382 | D:3      | Reached skill level 4 in Long Blades
  2434 | D:3      | You add the spells Conjure Flame, Ignite Poison and Sticky
                  | Flame to your library.
  2473 | D:3      | Noticed Robin
  2485 | D:3      | Killed Robin
  2759 | D:3      | Reached skill level 5 in Fighting
  2759 | D:3      | Reached skill level 5 in Armour
  2759 | D:3      | Reached skill level 5 in Shields
  2827 | D:3      | Reached XP level 6. HP: 32/56 MP: 5/5
  3358 | D:4      | HP: 14/56 [gnoll/+2 vorpal spear (8)]
  3360 | D:4      | Mangled by an ogre

Vanquished Creatures
  A black bear (D:4)
  A scorpion (D:3)
  An orc priest (D:3)
  3 orc wizards
  A hound skeleton (D:2)
  Robin (D:3)
  3 adders
  3 dart slugs
  17 orcs
  4 bats
  6 endoplasms
  4 giant cockroaches
  10 hobgoblins
  4 jackals (D:2)
  A quokka (D:3)
  5 ball pythons (D:2)
  2 frilled lizards
  8 goblins
  7 kobolds
  3 rats (D:1)
85 creatures vanquished.

Table legend:
 A = Non-vault XP
 B = Vault XP
 C = Vault XP percentage of total XP
 D = Non-vault monster count
 E = Vault monster count
 F = Vault count percentage of total count
                 A         B        C        D         E       F
            +---------+---------+-------+---------+---------+-------
      Total |     459 |     121 |  20.9 |      69 |      16 |  18.8
            +---------+---------+-------+---------+---------+-------
        D:1 |      18 |       0 |   0.0 |      12 |       0 |   0.0
        D:2 |      77 |       0 |   0.0 |      27 |       0 |   0.0
        D:3 |     180 |     121 |  40.2 |      23 |      16 |  41.0
        D:4 |     184 |       0 |   0.0 |       7 |       0 |   0.0
            +---------+---------+-------+---------+---------+-------

Illustrated notes

Table legend:
 A = Kills in this place as a percentage of kills in entire the game.
 B = Kills by you in this place as a percentage of kills by you in the entire game.
 C = Kills by friends in this place as a percentage of kills by friends in the entire game.
 D = Other kills in this place as a percentage of other kills in the entire game.
 E = Experience gained in this place as a percentage of experience gained in the entire game.
 F = Experience gained in this place divided by the number of levels of this place that you have seen.
                   A       B       C       D       E      F
               +-------+-------+-------+-------+-------+----------------------
         Total | 100.0 | 100.0 |   N/A |   N/A | 100.0 | 145.0
       Dungeon | 100.0 | 100.0 |   N/A |   N/A | 100.0 | 145.0
               +-------+-------+-------+-------+-------+----------------------

Table legend: (Time is in decaauts)
 A = Elapsed time spent in this place.
 B = Non-inter-level travel time spent in this place.
 C = Inter-level travel time spent in this place.
 D = Time resting spent in this place.
 E = Time spent auto-exploring this place.
 F = Levels seen in this place.
 G = Mean time per level.
                   A        B        C        D        E       F      G
               +--------+--------+--------+--------+--------+-----+--------+
         Total |   3426 |   3284 |    142 |    186 |   2387 |   4 |  856.5 |
       Dungeon |   3426 |   3284 |    142 |    186 |   2387 |   4 |  856.5 |
               +--------+--------+--------+--------+--------+-----+--------+

Top non-repeatable levels by time:
     D:1: 1150 daAuts
     D:3: 1147 daAuts
     D:2: 822 daAuts
     D:4: 305 daAuts
